 Dungeon Crawl Stone Soup version 0.30-a0-964-gd452b5e7fa (webtiles) character file.

Game seed: 6683736608015388509

137 vishdafish the Conjurer (level 5, 35/35 HPs)
             Began as a Demonspawn Conjurer on Mar 31, 2023.
             Quit the game on level 3 of the Dungeon.
             The game lasted 00:02:25 (2152 turns).

vishdafish the Conjurer (Demonspawn Conjurer)       Turns: 2152, Time: 00:02:26

Health: 35/35      AC:  5    Str: 14    XL:     5   Next: 0%
Magic:  19/19      EV: 12    Int: 21    God:
Gold:   153        SH:  0    Dex: 11    Spells: 10/11 levels left

rFire   . . .      SeeInvis .    f - +2 dagger (drain)
rCold   . . .      Faith    .    (no shield)
rNeg    . . .      Spirit   +    a - +0 robe
rPois   .          Reflect  .    h - +0 helmet
rElec   .          Rampage  .    r - +0 cloak
rCorr   .                        z - +0 pair of gloves
Will    .....                    (no boots)
Stlth   ++                       (no amulet)
HPRegen 0.25/turn                y - ring of magical power
MPRegen 0.32/turn                v - +6 ring of strength

@: no status effects
A: ignite blood 1, magic shield, magic regeneration
a: no special abilities


You were on level 3 of the Dungeon.
You visited 1 branch of the dungeon, and saw 3 of its levels.

You collected 153 gold pieces.

Inventory:

Hand Weapons
 f - a +2 dagger of draining (weapon)
Armour
 a - a +0 robe (worn)
 h - a +0 helmet (worn)
 r - a +0 cloak (worn)
 z - a +0 pair of gloves (worn)
Jewellery
 k - a ring of protection from cold
 v - a +6 ring of strength (right hand)
 y - a ring of magical power (left hand)
Scrolls
 e - a scroll of silence {unknown}
 j - 4 scrolls of fear {unknown}
 l - a scroll of poison {unknown}
 n - 2 scrolls of immolation {unknown}
 o - 2 scrolls of torment {unknown}
 p - 2 scrolls of identify {unknown}
 s - a scroll of enchant armour {unknown}
 u - a scroll of magic mapping {unknown}
 w - a scroll of vulnerability {unknown}
 x - a scroll of fog {unknown}
Potions
 b - a potion of magic
 c - a potion of ambrosia {unknown}
 d - 3 potions of mutation {unknown}
 g - a potion of might {unknown}
 i - a potion of lignification {unknown}
 m - 2 potions of brilliance {unknown}
 q - 2 potions of curing {unknown}
 t - a potion of attraction {unknown}
 A - a potion of flight {unknown}


   Skills:
 - Level 1.9 Dodging
 - Level 2.0 Stealth
 + Level 3.5 Spellcasting
 + Level 5.2 Conjurations


You had 10 spell levels left.
You knew the following spells:

 Your Spells              Type           Power      Damage    Failure   Level
a - Magic Dart            Conj           100%       1d8       1%          1

Your spell library contained the following spells:

 Spells                   Type           Power      Damage    Failure   Level
 Searing Ray              Conj           50%        2d6       2%          2
 Dazzling Flash           Conj/Hex       28%        N/A       13%         3
 Lesser Beckoning         Tloc           6%         N/A       19%         2
 Gell's Gravitas          Tloc           3%         N/A       36%         3
 Teleport Other           Tloc           3%         N/A       36%         3
 Fulminant Prism          Conj/Hex       7%         3d7       38%         4
 Iskenderun's Mystic Bla  Conj/Tloc      14%        2d5       38%         4


Dungeon Overview and Level Annotations

Branches:
Dungeon (3/15)

Altars:


Innate Abilities, Weirdness & Mutations

Your demonic aura sometimes causes spilled blood to erupt in flames.
When hurt, damage is shared between your health and your magic reserves.
You regenerate magic rapidly.


Message History

You can't see any susceptible monsters within range! (Use Z to cast anyway.)
A - a smoky cyan potion You now have 145 gold pieces (gained 19).
A rat comes into view.
A rat is nearby!
A rat is nearby!
A rat is nearby!
A rat is nearby!
The magic dart hits the rat.
You kill the rat!
You can't see any susceptible monsters within range! (Use Z to cast anyway.)
You can't see any susceptible monsters within range! (Use Z to cast anyway.)
An adder comes into view.
An adder is nearby!
An adder is nearby!
Found a mace.
The adder hisses angrily.
The adder bites you.
You miss the adder. The adder closely misses you.
The adder bites you but does no damage.
You hit the adder.
The adder is moderately wounded.
The adder bites you.
You closely miss the adder.
The adder is moderately wounded.
The adder closely misses you.
You miss the adder.
The adder is moderately wounded.
The adder barely misses you. The adder misses you.
You hit the adder. You drain the adder.
You kill the adder!
You have reached level 5!
Your demonic ancestry asserts itself...
Your blood heats up.
You now have 153 gold pieces (gained 8).
j - 4 scrolls labelled MIOS VYXATI (gained 1)
A goblin comes into view. It is wielding a +0 club.
A goblin is nearby!
A goblin is nearby!
Are you sure you want to abandon this character and quit the game? (Confirm with "yes".)

#..........##...###..# #.#
#.............###....#######.#
##........######.#...........#
#......###........#####.#####
##...####..####.### #.# #.##
#.# #.# #. #.# #.# #.g####.#
#.# #......@# #.#
#...............#
...############ ..


You could see a goblin (asleep).

Vanquished Creatures
  An orc wizard (D:3)
  3 adders
  A worm (D:2)
  4 dart slugs
  4 orcs (D:3)
  4 bats
  7 endoplasms
  A giant cockroach (D:2)
  11 goblins
  9 hobgoblins
  2 jackals (D:1)
  2 quokkas
  5 ball pythons
  5 frilled lizards
  3 kobolds
  6 rats
68 creatures vanquished.

Notes
Turn   | Place    | Note
-------+----------+-------------------------------------------
     0 | D:1      | vishdafish the Demonspawn Conjurer began the quest for the
                  | Orb.
     0 | D:1      | Reached XP level 1. HP: 13/13 MP: 3/3
   216 | D:1      | Gained mutation: You regenerate magic rapidly. [demonic
                  | ancestry]
   216 | D:1      | Reached XP level 2. HP: 19/19 MP: 1/5
   523 | D:1      | Gained mutation: When hurt, damage is shared between your
                  | health and your magic reserves. [demonic ancestry]
   523 | D:1      | Reached XP level 3. HP: 24/24 MP: 3/6
   670 | D:1      | Found a faded altar of an unknown god.
  1314 | D:2      | Reached XP level 4. HP: 25/30 MP: 6/8
  1937 | D:3      | Reached skill level 5 in Conjurations
  2103 | D:3      | Gained mutation: Your demonic aura sometimes causes spilled
                  | blood to erupt in flames. [demonic ancestry]
  2103 | D:3      | Reached XP level 5. HP: 33/35 MP: 10/10
  2152 | D:3      | Quit the game

Illustrated notes

Levels and vault maps discovered:
D:1:      minmay_arrival_five_plusses, layout_rooms,
          dilly_ecumenical_altar_fadedgnrine
D:2:      layout_basic, minmay_pentomino_p4
D:3:      minmay_skewed_foursquare, layout_loops_ring

Skill      XL: |  1  2  3  4 |
---------------+-------------+-----
Stealth        | 2 |  2.0
Spellcasting   | 3 |  3.5
Conjurations   | 5 |  5.2
Dodging        | |  1.9

Action                     |  1- 3 |  4- 6 || total
---------------------------+-------+-------++-------
  Melee: Unarmed           |    15 |       ||    15
         Dagger            |    83 |    39 ||   122
         Punch             |     2 |       ||     2
   Cast: Magic Dart        |    34 |    30 ||    64
   Stab: Sleeping          |     2 |     3 ||     5
 Armour: Robe              |    17 |    11 ||    28
  Dodge: Dodged            |    74 |    23 ||    97

Table legend: (Time is in decaauts)
 A = Elapsed time spent in this place.
 B = Non-inter-level travel time spent in this place.
 C = Inter-level travel time spent in this place.
 D = Time resting spent in this place.
 E = Time spent auto-exploring this place.
 F = Levels seen in this place.
 G = Mean time per level.
                   A        B        C        D        E       F      G
               +--------+--------+--------+--------+--------+-----+--------+
         Total |   2149 |   2078 |     71 |      0 |   1650 |   3 |  716.3 |
       Dungeon |   2149 |   2078 |     71 |      0 |   1650 |   3 |  716.3 |
               +--------+--------+--------+--------+--------+-----+--------+

Top non-repeatable levels by time:
     D:2: 858 daAuts
     D:1: 714 daAuts
     D:3: 576 daAuts
